 Dungeon Crawl Stone Soup version 0.27.1-1-g398f81649c (webtiles) character file.

Game seed: 3517616216924728715

95 speeev33 the Skirmisher (level 4, -9/41 HPs)
             Began as a Hill Orc Fighter on Sept 12, 2021.
             Mangled by a yak (10 damage)
             ... on level 3 of the Dungeon.
             The game lasted 00:03:19 (2841 turns).

speeev33 the Skirmisher (Hill Orc Fighter)          Turns: 2841, Time: 00:03:20

Health: -9/41      AC: 11    Str: 19    XL:     4   Next: 65%
Magic:  4/4        EV:  7    Int:  8    God:
Gold:   108        SH:  9    Dex: 10    Spells: 3/3 levels left

rFire    . . .     SeeInvis .   a - +0 war axe
rCold    . . .     Faith    .   c - +0 kite shield
rNeg     . . .     Spirit   .   b - +0 scale mail
rPois    .         Reflect  .   g - +0 helmet
rElec    .         Harm     .   (no cloak)
rCorr    .         Rampage  .   h - +2 pair of gloves
Will     .....                  (no boots)
Stlth    ..........             (no amulet)
HPRegen  0.13/turn              (no ring)
MPRegen  0.09/turn              (no ring)

@: attractive
A: no striking features
a: no special abilities


You were on level 3 of the Dungeon.
You visited 1 branch of the dungeon, and saw 4 of its levels.

You collected 108 gold pieces.

Inventory:

Hand Weapons
 a - a +0 war axe (weapon)
Armour
 b - a +0 scale mail (worn)
 c - a +0 kite shield (worn)
 g - a +0 helmet (worn)
 h - a +2 pair of gloves (worn)
Potions
 e - a potion of resistance
 k - a potion of mutation {unknown}
 l - 2 potions of heal wounds {unknown}
 m - 2 potions of invisibility {unknown}


   Skills:
 + Level 4.3 Fighting
 + Level 3.8 Axes
 + Level 4.1 Armour
 + Level 4.1 Shields


You had 3 spell levels left.
You didn't know any spells.
Your spell library contained the following spells:

 Spells                   Type           Power      Damage    Failure   Level
 Leda's Liquefaction      Hex/Erth       0%         N/A       100%        4
 Bolt of Magma            Conj/Fire/Erth 0%         4d4       100%        5
 Statue Form              Tmut/Erth      0%         N/A       100%        6


Dungeon Overview and Level Annotations

Branches:
Dungeon (4/15)
 Temple: D:4-7

Altars:


Message History

The yak is moderately wounded.
The yak gores you.
* * * LOW HITPOINT WARNING * * *
You hit the yak.
The yak is moderately wounded.
The yak gores you.
* * * LOW HITPOINT WARNING * * *
You block the yak's attack.
You feel very mighty all of a sudden. You block the yak's attack.
You hit the yak.
The yak is heavily wounded.
The yak gores you!
* * * LOW HITPOINT WARNING * * *
You hit the yak.
The yak is heavily wounded.
The yak gores you but does no damage. The yak gores you.
* * * LOW HITPOINT WARNING * * *
It was a potion of lignification.
You turn into a tree.
Your +0 helmet melds into your body.
Your +2 pair of gloves melds into your body.
Your +0 scale mail melds into your body.
Your roots penetrate the ground.
You block the yak's attack.
You slash the yak!
The yak is almost dead.
The yak gores you.
* * * LOW HITPOINT WARNING * * *
It was a potion of cancellation.
Your magical effects are unravelling.
You feel magically purged.
You feel less wooden.
Your +0 helmet unmelds from your body.
Your +2 pair of gloves unmelds from your body.
Your +0 scale mail unmelds from your body.
You feel a little less mighty now. The yak gores you but does no damage.
It was a potion of attraction.
You feel attractive to monsters. The yak gores you!
You die...

....# #.#########...........###
....#####...############......###
.................(...............
......#####.#############..######
....#...###....## ###..#####
)...###..#####..########.........
....# ##..#####............######
....# ##...#####..#.####>## #
....### ###...YY@..#..###.# #
......## ###.>####........# ##
.......###..<## ####..##.## #.
#.......#..### ##..#..#####.
#......(..## ##......##..
#.......### ###....)..# ##....(##
#.####... ##.....## #.# #..#
#.......## #.# #...


You could see 2 yaks.

Vanquished Creatures
  3 adders (D:2)
  A worm (D:2)
  2 orcs
  7 endoplasms
  A giant cockroach (D:3)
  9 goblins
  3 hobgoblins
  4 jackals (D:1)
  4 kobolds
  A quokka (D:2)
  5 ball pythons
  7 bats
  6 frilled lizards
  10 rats
63 creatures vanquished.

Notes
Turn   | Place    | Note
-------+----------+-------------------------------------------
     0 | D:1      | speeev33 the Hill Orc Fighter began the quest for the Orb.
     0 | D:1      | Reached XP level 1. HP: 19/19 MP: 1/1
   201 | D:1      | Found a faded altar of an unknown god.
   231 | D:1      | Reached XP level 2. HP: 23/27 MP: 2/2
   804 | D:1      | Reached XP level 3. HP: 29/33 MP: 3/3
  1583 | D:2      | Reached XP level 4. HP: 39/40 MP: 4/4
  2816 | D:4      | Noticed a yak
  2816 | D:4      | Noticed a yak
  2816 | D:4      | Noticed a yak
  2818 | D:4      | Noticed a yak
  2837 | D:3      | HP: 1/41 [yak (2)]
  2841 | D:3      | Mangled by a yak

Illustrated notes

Levels and vault maps discovered:
D:1:      lightli_arrival_maybe_door_vault, layout_loops_ring,
          hellmonk_ecumenical_altar_pennies_from_heaven, due_unseen_surprise
D:2:      kennysheep_the_goblin_king, layout_basic, minmay_heptomino_o4
D:3:      layout_rooms
D:4:      layout_cave_pools, uniq_menkaure

Skill      XL: |  1  2  3  4 |
---------------+-------------+-----
Axes           | 3 |  3.8
Fighting       | 4 |  4.3
Shields        | 4 |  4.1
Armour         | 4 |  4.1

Action                   |  1- 3 |  4- 6 || total
-------------------------+-------+-------++-------
Melee: War axe           |   155 |    51 ||   206
  Use: Scroll            |     3 |       ||     3
       Potion            |       |     4 ||     4
Armor: Scale mail        |    82 |    21 ||   103
Dodge: Dodged            |    47 |     7 ||    54
Block: Kite shield       |    92 |    23 ||   115
